 Dungeon Crawl Stone Soup version 0.28.0-53-g5a82cb258f (webtiles) character file.

Game seed: 16627614606663328207

1 eooof the Insei (level 1, 0/15 HPs)
             Began as a Demigod Transmuter on June 29, 2022.
             Slain by a jackal (2 damage)
             ... on level 1 of the Dungeon.
             The game lasted 00:00:10 (54 turns).

eooof the Insei (Demigod Transmuter)                  Turns: 54, Time: 00:00:11

Health: 0/15       AC:  2    Str: 11    XL:     1   Next: 13%
Magic:  5/5        EV: 12    Int: 15    God:
Gold:   0          SH:  0    Dex: 14    Spells: 2/3 levels left

rFire   . . .      SeeInvis .     - Unarmed
rCold   . . .      Faith    .   (no shield)
rNeg    . . .      Spirit   .   a - +0 robe
rPois   .          Reflect  .   (no helmet)
rElec   .          Harm     .   (no cloak)
rCorr   .          Rampage  .   (no gloves)
Will    .....                   (no boots)
Stlth   +.........              (no amulet)
HPRegen 0.05/turn               (no ring)
MPRegen 0.09/turn               (no ring)

@: no status effects
A: high MP 1, forlorn, divine attributes
a: no special abilities


You were on level 1 of the Dungeon.
You visited 1 branch of the dungeon, and saw 1 of its levels.

Inventory:

Armour
 a - a +0 robe (worn)


   Skills:
 + Level 0.9 Fighting
 + Level 1.8 Dodging
 + Level 2.7 Unarmed Combat
 + Level 1.7 Spellcasting
 + Level 1.8 Transmutations


You had 2 spell levels left.
You knew the following spells:

 Your Spells              Type           Power      Damage    Failure   Level
a - Beastly Appendage     Tmut           12%        N/A       11%         1

Your spell library contained the following spells:

 Spells                   Type           Power      Damage    Failure   Level
 Wereblood                Tmut           6%         N/A       16%         2
 Spider Form              Tmut/Pois      4%         N/A       43%         3
 Ice Form                 Ice/Tmut       4%         N/A       83%         4


Dungeon Overview and Level Annotations

Branches:
Dungeon (1/15)


Innate Abilities, Weirdness & Mutations

You have an increased reservoir of magic. (+10% MP)
You shall have no god before yourself.
Your divine heritage dramatically boosts your attributes as you level up.


Message History

The jackal bites the plant. x2; The plant begins to die.
The jackal bites you.
You hit the plant.
The plant is lightly damaged.
The jackal barely misses you.
The jackal bites the plant. x2
The jackal bites you but does no damage.
You hit the plant.
The plant is lightly damaged.
A nearby plant withers and dies.
The jackal barely misses you. The jackal closely misses you.
The jackal bites the plant.
The jackal closely misses you. The jackal misses you.
A nearby plant withers and dies.
The jackal bites you. The jackal misses you. The jackal barely misses you.
You hit the plant.
The plant begins to die.
The plant is lightly damaged.
A nearby plant withers and dies.
The jackal misses you. The jackal bites you. The jackal misses you.
The jackal bites you but does no damage.
You hit the plant.
The plant is lightly damaged.
The jackal bites you but does no damage.
The jackal closely misses you. The jackal misses you.
The jackal completely misses you.
You hit the plant.
The plant is lightly damaged.
The jackal closely misses you. The jackal bites you. The jackal misses you.
The jackal closely misses you.
The jackal bites you but does no damage.
You hit the plant.
The plant is lightly damaged.
A nearby plant withers and dies.
The jackal misses you.
The jackal bites you but does no damage.
You hit the jackal but do no damage.
The jackal bites you but does no damage. x2
The jackal bites you.
* * * LOW HITPOINT WARNING * * *
The jackal bites you.
* * * LOW HITPOINT WARNING * * *
The jackal misses you.
You closely miss the jackal. The jackal bites you.
You die...
P.P.PP.P.PP.P.PP P.P.P.PP..P.P.PP P.P.PP.P..P.P.PP P.PP.PP..P.PP.PP PP.PP.PP..PP.PPP PP.PPP...PPP.PPP PPP..PP.....PPPP PPPPP..hhhPPPPPP PPPPPPPh@PPPPPPP

#.####..########
#..# #..# #..#
...# ##.## #.


You could see 4 jackals.

Vanquished Creatures
  A bat (D:1)
1 creature vanquished.

Vanquished Creatures (others)
  22 plants (D:1)
22 creatures vanquished.

Grand Total: 23 creatures vanquished

Notes
Turn   | Place    | Note
-------+----------+-------------------------------------------
     0 | D:1      | eooof the Demigod Transmuter began the quest for the Orb.
     0 | D:1      | Reached XP level 1. HP: 15/15 MP: 5/5
    54 | D:1      | Slain by a jackal

Illustrated notes

Levels and vault maps discovered:
D:1:      roderic_crop_circles_arrival_small, layout_loops_ring

Action                   || total
-------------------------++-------
Melee: Unarmed           ||    39
Armor: Robe              ||    10
Dodge: Dodged            ||    23
